 Dungeon Crawl Stone Soup version 0.31.0-11-ge490571c62 (webtiles) character file.

Game seed: 10099864470108442374

1059 Sobieck the Chopper (level 8, -15/49 HPs)
             Began as a Gargoyle Warper on Feb 1, 2024.
             Demolished by an ogre
             ... wielding a +0 giant spiked club
              (26 damage)
             ... on level 5 of the Dungeon.
             The game lasted 00:07:49 (4133 turns).

Sobieck the Chopper (Gargoyle Warper)               Turns: 4133, Time: 00:07:50

Health: -15/49     AC: 25    Str: 17    XL:     8   Next: 27%
Magic:  11/11      EV:  5    Int: 14    God:
Gold:   129        SH:  0    Dex:  9    Spells: 11/11 levels left

rFire   . . .        t - +0 hand axe
rCold   . . .        (no shield)
rNeg    + . .        h - +0 plate armour
rPois   ∞            r - +1 helmet
rElec   +            (no cloak)
rCorr   +            (no gloves)
SInv    .            d - +0 pair of boots
Will    .....        (no amulet) Stlth
                     n - +4 ring of protection
HPRegen 0.28/turn    g - ring of resist corrosion
MPRegen 0.12/turn

%: no passive effects
@: no status effects
A: sickness immunity, AC +5, negative energy resistance 1, electricity
resistance, torment resistance 1, petrification resistance
a: no special abilities


You were on level 5 of the Dungeon.
You visited 1 branch of the dungeon, and saw 5 of its levels.

You collected 210 gold pieces.
You spent 81 gold pieces at shops.

Inventory:

Hand Weapons
 e - a +0 heavy flail
 t - a +0 hand axe (weapon)
Missiles
 j - 21 stones (quivered)
 k - 13 poisoned darts
 K - 7 darts of dispersal
 Z - 2 throwing nets
Armour
 c - a +0 leather armour
 d - a +0 pair of boots (worn)
 h - a +0 plate armour (worn)
 r - a +1 helmet (worn)
Jewellery
 g - a ring of resist corrosion (right hand)
 n - a +4 ring of protection (left hand)
Wands
 a - a wand of acid (11)
Scrolls
 b - a scroll of blinking
 f - 2 scrolls of fog
 R - a scroll of identify
Potions
 m - 2 potions of attraction
 o - a potion of cancellation {unknown}
 q - a potion of lignification {unknown}
 s - a potion of mutation {unknown}
 u - a potion of haste {unknown}
 x - a potion of berserk rage {unknown}
 Q - 6 potions of curing


   Skills:
 + Level 5.0 Fighting
 * Level 5.6 Axes
 - Level 0.8 Throwing
 + Level 4.6 Armour
 - Level 1.5 Dodging
 - Level 2.0 Spellcasting
 - Level 2.6 Translocations
 + Level 3.6 Evocations


You had 11 spell levels left.
You didn't know any spells.
Your spell library contained the following spells:

 Spells                   Type           Power      Damage    Failure   Level
 Blink                    Tloc           16%        N/A       99%         2
 Lesser Beckoning         Tloc           16%        N/A       99%         2
 Sandblast                Erth           2%         2d4       100%        1
 Static Discharge         Conj/Air       2%         3-4/arc   100%        2
 Passwall                 Erth           1%         N/A       100%        3
 Stone Arrow              Conj/Erth      2%         3d7       100%        3
 Teleport Other           Tloc           8%         N/A       100%        3
 Airstrike                Air            0%         2d(1-17)  100%        4
 Brom's Barrelling Bould  Conj/Erth      1%         2d3       100%        4
 Manifold Assault         Tloc           8%         N/A       100%        4
 Summon Lightning Spire   Summ/Air       1%         N/A       100%        4
 Vhi's Electric Charge    Tloc/Air       10%        N/A       100%        4


Dungeon Overview and Level Annotations

Branches:
Dungeon (5/15)
 Temple: D:4-7

Altars:
Ru

Shops:
D:3 *


Innate Abilities, Weirdness & Mutations

You are immune to sickness and miasma.
Your stone body is resilient. (AC +5)
You are immune to poison.
You resist negative energy. (rN+)
You are resistant to electric shocks. (rElec)
You are resistant to unholy torment.
You are immune to petrification.


Message History

The ogre is lightly wounded.
You throw a stone. The stone hits the ogre.
The ogre is lightly wounded.
You throw a stone.
The stone hits the ogre but does no damage.
The ogre is lightly wounded.
A black bear comes into view.
The black bear growls angrily.
You hit the ogre.
The ogre is lightly wounded.
The ogre hits you but does no damage.
You barely miss the ogre.
The ogre is lightly wounded.
You hit the ogre.
The ogre is moderately wounded.
The ogre closely misses you.
You barely miss the ogre.
The ogre is moderately wounded.
The ogre hits you with a +0 giant spiked club.
You barely miss the ogre.
The ogre is moderately wounded.
The ogre hits you with a +0 giant spiked club!
You completely miss the ogre.
The ogre is moderately wounded.
You barely miss the ogre.
The ogre is moderately wounded.
The ogre hits you but does no damage.
You hit the ogre.
The ogre is heavily wounded.
The ogre hits you with a +0 giant spiked club!
* * * LOW HITPOINT WARNING * * *
Unknown command.
You hit the ogre.
The ogre is severely wounded.
You hit the ogre.
The ogre is almost dead.
The ogre hits you with a +0 giant spiked club!
* * * LOW HITPOINT WARNING * * *
You hit the ogre but do no damage.
The ogre is almost dead.
The ogre barely misses you.
Unknown command.
You barely miss the ogre.
The ogre is almost dead.
Unknown command.
You barely miss the ogre.
The ogre is almost dead.
The ogre hits you with a +0 giant spiked club!!
Ouch! That really hurt!
You die...

#### #### #### *********
########## *,,,,,,,*
#........#############..,,,,,*
................@Oh..>..,,,,,*
#........############...,,,,,*
#........# *,,,,****#..,,,,,,****
#........#**,,O,,,,,..#,,,,,,,,,,
##########,,,,..#####.#,,,,,,,,,,
#### *,,,,........#,,,,,,,<,,
#### *,,,,........#,,,,,,,,,,
#### *****#l......#,,,,,,,,,*
#### *,****#.#,,,,,,,,,,


You could see a black bear and an ogre.

Vanquished Creatures
  Edmund (D:4)
  Duvessa (D:4)
  A black bear (D:5)
  2 phantoms (D:5)
  2 scorpions
  Dowan (D:4)
  5 hounds (D:5)
  2 iguanas (D:5)
  2 orc wizards
  Robin (D:2)
  5 adders
  A shadow imp (D:5)
  3 dart slugs
  A ribbon worm (D:5)
  8 orcs
  11 ball pythons
  A bat (D:3)
  4 endoplasms
  4 giant cockroaches
  11 goblins
  8 hobgoblins
  13 jackals
  5 kobolds
  3 quokkas
  7 frilled lizards
  6 rats
109 creatures vanquished.

Notes
Turn   | Place    | Note
-------+----------+-------------------------------------------
     0 | D:1      | Sobieck the Gargoyle Warper began the quest for the Orb.
     0 | D:1      | Reached XP level 1. HP: 12/12 MP: 3/3
     2 | D:1      | Noticed a troll
     2 | D:1      | Noticed a naga
     4 | D:1      | Noticed a human
     6 | D:1      | Noticed a minotaur
     8 | D:1      | Noticed a felid
     8 | D:1      | Noticed a merfolk
    10 | D:1      | Noticed a demigod
    10 | D:1      | Noticed a formicid
    12 | D:1      | Noticed a tengu
    14 | D:1      | Noticed a demonspawn
    14 | D:1      | Noticed an oni
    16 | D:1      | Noticed a djinni
    18 | D:1      | Noticed a draconian
    18 | D:1      | Noticed an elf
    20 | D:1      | Noticed a barachi
    20 | D:1      | Noticed a ghoul
    22 | D:1      | Noticed a vine stalker
    22 | D:1      | Noticed a spriggan
    24 | D:1      | Noticed an armataur
    24 | D:1      | Noticed a vampire
    26 | D:1      | Noticed a gargoyle
    26 | D:1      | Noticed an octopode
   108 | D:1      | Reached XP level 2. HP: 18/18 MP: 5/5
   424 | D:1      | Reached XP level 3. HP: 21/22 MP: 6/6
   559 | D:1      | Reached skill level 1 in Evocations
   953 | D:2      | Reached XP level 4. HP: 27/27 MP: 7/7
  1425 | D:3      | Noticed Robin
  1450 | D:3      | Reached skill level 3 in Axes
  1541 | D:2      | Killed Robin
  1542 | D:2      | Reached skill level 3 in Fighting
  1791 | D:3      | Found Masafy's Assorted Antiques.
  1799 | D:3      | Bought a yellow potion for 20 gold pieces
  1799 | D:3      | Bought 2 puce potions for 41 gold pieces
  1799 | D:3      | Bought a puce potion for 20 gold pieces
  2141 | D:4      | Noticed Duvessa
  2141 | D:4      | Noticed Dowan
  2142 | D:4      | Noticed a scorpion
  2208 | D:3      | Killed a scorpion
  2209 | D:3      | Reached XP level 5. HP: 32/32 MP: 8/8
  2275 | D:4      | Killed Duvessa
  2276 | D:4      | Reached skill level 3 in Armour
  2276 | D:4      | Reached XP level 6. HP: 20/37 MP: 9/9
  2279 | D:4      | Killed Dowan
  2387 | D:4      | Noticed Edmund
  2401 | D:4      | Killed Edmund
  2402 | D:4      | Reached XP level 7. HP: 4/43 MP: 10/10
  2580 | D:4      | Found a sacrificial altar of Ru.
  3200 | D:5      | Entered Level 5 of the Dungeon
  3504 | D:5      | Reached skill level 3 in Evocations
  3878 | D:5      | Reached XP level 8. HP: 42/48 MP: 11/11
  4133 | D:5      | Demolished by an ogre

Illustrated notes

Levels and vault maps discovered:
D:1:      kb_arrival_jail, layout_basic, minmay_cut_off
D:2:      layout_rooms
D:3:      layout_basic, serial_shops, shop, uniq_robin
D:4:      layout_loops_ring, nicolae_ru_awakened_eye, uniq_duvessa, uniq_edmund
D:5:      minmay_angry_zag, layout_basic

Skill      XL: |  1  2  3  4  5  6  7  8 |
---------------+-------------------------+-----
Axes           | 2 3 4 5 |  5.6
Evocations     | 1 2 3 |  3.6
Armour         | 2 3 4 |  4.6
Fighting       | 3 4 5 |  5.0
Throwing       | |  0.8
Dodging        | |  1.5
Spellcasting   | |  2.0
Translocations | |  2.6

Action                     |  1- 3 |  4- 6 |  7- 9 || total
---------------------------+-------+-------+-------++-------
  Melee: Hand axe          |   135 |   145 |   288 ||   568
         Punch             |     1 |       |     3 ||     4
  Throw: Stone             |       |     9 |     3 ||    12
    Use: Scroll            |       |     4 |     8 ||    12
         Potion            |       |     2 |       ||     2
 Armour: Leather armour    |    99 |   135 |   203 ||   437
         Plate armour      |       |       |     7 ||     7
  Dodge: Dodged            |   103 |   105 |   160 ||   368
